Unix NetHack Version 5.0.0-0 post-release - last build May 23 2026 06:08:33 (1c0ff79ee797540d5714e4e18072db0edd9e58ae,branch:main).

Game began 2026-05-27 18:04:05, ended 2026-05-27 20:49:40.

Hekik, neutral male human Wizard

                      --------------------------------------     -- -- ------
                     |.....................................|    --.--.--..|.--
                     |.------------------#----------------.|-- --............|
                     |.|...............................*0|.||................|
                     |.|.------------......-------------.|.||...............--
                     |.|.|...|...|..|....0.|./.|...|...|.|.|-- |............|
                     |.|.|...|*....0.....[.|.0.....|...|.#.--- ---.........-|
                     |.#.|...|...|..|......|...|...|...|.|0..|   -------....|
                     |.|.--.---.-----......--|-|...|...|.|...-------   --..--
                     |.|.........@..)..........--|---|--.|.........|    |.--
                  | --.|...+....u{../)....{..0...........|...-----.|--- |.|
                  |...0|...*.*.....--...--0....--|---|--.|...--  |.--.---.--
                  ----.|.--.------.|.....|.----|...|...|.|.-..-- |.........--
                     |.|.|....|..|.|(....|.|...|...|.0.|.|.....| ---...--...|
                     |.|0|.......-.|.[*.`|.-...|.0.|...|.|.....--  |..----..|
                     |.|.|..(.|..|.|..).*|.|..%...)|..0|.|......|  |..|  |..-
                     |.|.---------.-------.-------------.|).<...|  ----  --..
                     |.#.................................|.------          .--
                     |.----------.------------#-----------.|               --
                     |0.................).............*))..|
                      -------------------------------------
Hekik the Thaumaturge     St:13 Dx:13 Co:15 In:18 Wi:12 Ch:12  Neutral
Dlvl:6  $:780 HP:0(52) Pw:48(63) AC:1  Xp:7/884 T:5351 

Latest messages:
 You stop.  The bat is in the way!
 You see here a poisoned crude arrow.
 There is an altar to Thoth (neutral) here.
 There are several objects here.
 You cannot drop something you are wearing.
 You cannot drop something you are wearing.
 A scroll labeled VE FORBRYDERNE lands on the altar.
 A scroll of create monster lands on the altar.
 A wand of polymorph lands on the altar.
 You have a little trouble lifting Y - an uncursed scroll labeled VE FORBRYDERNE.
 X - an uncursed scroll of create monster.
 Q - an uncursed wand of polymorph.
 What do you want to drop? [$bdeg-ilnp-zAC-EHIKMNQ-Y or ?*]
 You drop 2 uncursed scrolls of earth.
 What do you want to drink? [hstxEKU or ?*]
 You sense the presence of monsters.
 (For instructions type a '?')
 Done.
 What do you want to drop? [$bdeg-ilnp-wyzADEHIKMNQ-Y or ?*]
 You drop 4 uncursed candles.
 Your movements are now unencumbered.
 What do you want to zap? [guAQW or ?*]
 In what direction?
 You are suddenly moving much faster.
 The white unicorn butts!
 The white unicorn kicks!
 In what direction?
 The magic missile hits the white unicorn!
 The white unicorn butts!
 The white unicorn kicks!
 What do you want to put on? [de or ?*]
 Which ring-finger, Right or Left? [rl]
 d - an uncursed ring of regeneration (on left hand).
 There are many objects here.
 You see here 20 rocks.
 The white unicorn misses!
 The white unicorn kicks!
 The white unicorn butts!
 The white unicorn kicks!
 You fail to cast the spell correctly.
 The white unicorn butts!
 The white unicorn kicks!
 You hit the white unicorn.
 The white unicorn butts!
 You die...
 Do you want your possessions identified? [ynq] (y)
 Do you want to see your attributes? [ynq] (y)
 Do you want an account of creatures vanquished? [ynaq] (y)
 Do you want to see your conduct and achievements? [ynq] (y)
 Do you want to see the dungeon overview? [ynq] (y)

Inventory:
 Coins    ('$')
  $ - 780 gold pieces
 Weapons  (')')
  y - an uncursed +0 dagger (weapon in right hand)
  z - 3 uncursed +0 daggers (at the ready)
 Armor    ('[')
  p - an uncursed rusty +3 orcish helm (being worn)
  b - a blessed +2 cloak of magic resistance (being worn)
  q - an uncursed +0 ring mail (being worn)
 Comestibles  ('%')
  V - an uncursed tripe ration
 Scrolls  ('?')
  X - an uncursed scroll of create monster
  Y - an uncursed scroll of food detection
  D - an uncursed scroll of light
  r - an uncursed scroll of remove curse
  N - an uncursed scroll of scare monster
  i - a blessed scroll of teleportation
 Spellbooks  ('+')
  l - a blessed spellbook of force bolt
  v - an uncursed spellbook of magic missile
  R - an uncursed spellbook of remove curse
 Potions  ('!')
  E - an uncursed potion of gain ability
  U - an uncursed potion of gain energy
  t - a blessed potion of sickness
  h - an uncursed potion of sleeping
  s - an uncursed potion of speed
  K - an uncursed potion of water
 Rings    ('=')
  d - an uncursed ring of regeneration (on left hand)
  e - an uncursed ring of teleport control
 Wands    ('/')
  A - an uncursed wand of cancellation (0:5)
  W - an uncursed wand of make invisible (0:6)
  Q - an uncursed wand of polymorph (0:8)
  g - an uncursed wand of polymorph (0:3)
  u - an uncursed wand of speed monster (0:2)
 Tools    ('(')
  T - an uncursed leash
  S - an uncursed lock pick
  n - an uncursed magic marker (0:21)
  M - an uncursed oil lamp
  I - 5 uncursed wax candles
 Gems/Stones  ('*')
  w - an uncursed luckstone

Hekik the Wizard's attributes:

Background:
 You were a Thaumaturge, a level 7 male human Wizard.
 You were neutral, on a mission for Thoth
 who was opposed by Ptah (lawful) and Anhur (chaotic).
 You were right-handed.
 You were in the Gnomish Mines, on level 6.
 You entered the dungeon 5351 turns ago.
 You had 884 experience points, 396 more were needed to attain level 8.

Basics:
 You had 0 out of 52 hit points.
 You had 48 out of 63 energy points (spell power).
 Your armor class was 1.
 Your wallet contained 780 zorkmids.
 Autopickup was off.

Final Characteristics:
 Your strength was 13 (peak:14, limit:18/100).
 Your dexterity was 13 (limit:18).
 Your constitution was 15 (limit:18).
 Your intelligence was 18 (limit:18).
 Your wisdom was 12 (limit:18).
 Your charisma was 12 (limit:18).

Final Status:
 You weren't hungry.
 You were unencumbered.
 You were wielding a dagger.
 You were skilled in dagger and could have enhanced that.

Final Attributes:
 You were piously aligned.
 You were magic-protected.
 You were telepathic.
 You regenerated.
 You were warded.
 Your spell casting was impaired by metallic armor.
 You were very fast.
 You were lucky.
 You had extra luck.
 Bad luck did not time out for you.
 Good luck did not time out for you.
 You are dead.

Miscellaneous:
 You didn't encounter any bones levels.
 Total elapsed playing time was 2 hours, 35 minutes and 55 seconds.

Major events:
 Turn
    1: Hekik the neutral male human Wizard entered the dungeon
 1220: attained the rank of Conjurer (level 3)
 1575: entered the Gnomish Mines
 2587: consulted the Oracle
 3214: attained the rank of Thaumaturge (level 6)
 3574: reached Mine Town
 5351: killed by a white unicorn

Spells:
 Name                 Level Category     Fail Retention
 force bolt             1   attack        76%   71%-80%
 detect food            2   divination   100%   51%-75%
 magic missile          2   attack        40%   71%-80%
 knock                  1   matter        76%  76%-100%
 cause fear             3   enchantment   81%  91%-100%
 remove curse           3   clerical     100%  76%-100%

Skills:
 Fighting Skills
   bare handed combat [Unskilled]
   riding             [Unskilled]
 Weapon Skills
   dagger             [Skilled]
   knife              [Unskilled]
   axe                [Unskilled]
   short sword        [Unskilled]
   club               [Unskilled]
   mace               [Unskilled]
   quarterstaff       [Basic]
   polearms           [Unskilled]
   spear              [Unskilled]
   trident            [Unskilled]
   sling              [Unskilled]
   dart               [Unskilled]
   shuriken           [Unskilled]
 Spellcasting Skills
   attack spells      [Basic]
   healing spells     [Unskilled]
   divination spells  [Unskilled]
   enchantment spells [Basic]
   clerical spells    [Unskilled]
   escape spells      [Unskilled]
   matter spells      [Unskilled]

Voluntary challenges:
 Character rerolling was not enabled.
 You never genocided any monsters.
 You never polymorphed an object.
 You never changed form.
 You used no wishes.
Achievements:
 You entered a shop.
 You attained the rank of Conjurer.
 You entered the Gnomish Mines.
 You consulted the Oracle of Delphi.
 You attained the rank of Thaumaturge.
 You entered Minetown.

 The Dungeons of Doom: levels 1 to 6
    Level 1:
    Level 2:
       An armor shop, some sinks, a grave.
    Level 3:
       A general store, a fountain, a sink.
       Stairs down to The Gnomish Mines.
    Level 4:
       A scroll shop.
    Level 5:
       Many fountains.
       Oracle of Delphi.
    Level 6:
 The Gnomish Mines: levels 4 to 6
    Level 4:
    Level 5:
    Level 6: <- You were here.
       An altar to Thoth, some fountains.
       Final resting place for
          you, killed by a white unicorn.


Vanquished creatures:
  2 small mimics
  2 giant beetles
  a leprechaun
  6 orc-captains
  a gold golem
  a lizard
  a human zombie
  2 Uruk-hai
  6 orc shamans
  2 rock piercers
  a rock mole
  2 ponies
  6 gnome leaders
  a kobold mummy
  a guardian naga hatchling
  a gray ooze
  a straw golem
  a paper golem
  6 floating eyes
  a kitten
  5 dwarves
  2 homunculi
  2 kobold leaders
  8 hill orcs
  2 rothes
  a monkey
  2 orc zombies
  2 dwarf zombies
  2 wererats
  2 iguanas
 an acid blob
  2 coyotes
  a gas spore
  3 hobbits
  a manes
  a brown mold
  a yellow mold
 17 gnomes
  2 gnome zombies
  a gecko
  7 jackals
  2 foxes
  7 goblins
 13 grid bugs
  a bat
  6 lichens
  2 kobold zombies
  6 newts
147 creatures vanquished.

No species were genocided or became extinct.

Game over:
                       ----------
                      /          \
                     /    REST    \
                    /      IN      \
                   /     PEACE      \
                  /                  \
                  |      Hekik       |
                  |      780 Au      |
                  |   killed by a    |
                  |  white unicorn   |
                  |                  |
                  |                  |
                  |       2026       |
                 *|     *  *  *      | *
        _________)/\\_//(\/(/\)/\//\/|_)_______

Goodbye Hekik the Wizard...

You died in The Gnomish Mines on dungeon level 6 with 4529 points,
and 780 pieces of gold, after 5351 moves.
You were level 7 with a maximum of 52 hit points when you died.

